ESL (28 & UNDER)
NEWARK BULLDOGS @ RIO GRANDE RATTLESNAKE
07/30/2026
 
TOP OF THE 1ST
Newark Bulldogs batting - Pitching for Rio Grande Rattlesnake : RHP Gary Grimes
Pitching: RHP Gary Grimes
Batting: LHB Gerardo Guzmán 0-0: Ball
1-0: Swinging Strike
1-1: Foul Ball, location: 2F
1-2: Strikes out swinging
Batting: RHB Carl Byrd 0-0: Foul Ball, location: 2F
0-1: Swinging Strike
0-2: Ball
1-2: Foul Ball, location: 2F
1-2: Ball
2-2: Ball
3-2: Strikes out swinging
Batting: RHB Randy Simons 0-0: Called Strike
0-1: Fly out, F8 (Flyball, 8LS)
Top of the 1st over - 0 run(s), 0 hit(s), 0 error(s), 0 left on base; Newark 0 - Rio Grande 0
BOTTOM OF THE 1ST
Rio Grande Rattlesnake batting - Pitching for Newark Bulldogs : RHP Jesús Martínez
Pitching: RHP Jesús Martínez
Batting: RHB Doug Delaney 0-0: Ball
1-0: Called Strike
1-1: SINGLE (Line Drive, 89S)
Batting: RHB Billy Mullins 0-0: Ball
1-0: SINGLE (Line Drive, 34D)
Doug Delaney to second
Runner from 2nd tries for 3rd, SAFE, no throw or cutoff
Batting: SHB Douglas Taylor 0-0: Swinging Strike
0-1: Ball
1-1: Called Strike
1-2: Foul Ball, location: 2F
1-2: Ball
2-2: Fielders Choice at 2nd, 5-4 (Groundball, 5D)
Doug Delaney scores
Batting: RHB Hollis Wood 0-0: Called Strike
0-1: Ball
1-1: Ball
2-1: Swinging Strike
2-2: Fielders Choice at 2nd, 1-6 (Groundball, 15)
Batting: LHB R.J. Courtney 0-0: Foul Ball, location: 2F
0-1: Ball
1-1: Ball
2-1: Ball
3-1: Called Strike
3-2: Base on Balls
Hollis Wood to second
Batting: RHB Jeff Bane 0-0: Called Strike
0-1: Ball
1-1: Ball
2-1: Foul Ball, location: 2F
2-2: Ground out 5-3 (Groundball, 5L)
Bottom of the 1st over - 1 run(s), 2 hit(s), 0 error(s), 2 left on base; Newark 0 - Rio Grande 1
TOP OF THE 2ND
Newark Bulldogs batting - Pitching for Rio Grande Rattlesnake : RHP Gary Grimes
Batting: LHB Marvin Morris 0-0: Called Strike
0-1: Ball
1-1: Foul Ball, location: 2F
1-2: Ball
2-2: SINGLE (Flyball, 9S)
Batting: RHB Larry Booth 0-0: Called Strike
0-1: Ball
1-1: Foul Ball, location: 2F
1-2: Ball
2-2: Ball
3-2: Strikes out swinging
Batting: RHB Perry Henry 0-0: Called Strike
0-1: Ball
1-1: 2-RUN HOME RUN (Flyball, 9LD), Distance : 333 ft
Batting: LHB Owen Moreno 0-0: Ball
1-0: Ball
2-0: Called Strike
2-1: Fly out, F7 (Flyball, 7M)
Batting: RHB Leonardo Pinto 0-0: Fly out, F7 (Flyball, 78S)
Top of the 2nd over - 2 run(s), 2 hit(s), 0 error(s), 0 left on base; Newark 2 - Rio Grande 1
BOTTOM OF THE 2ND
Rio Grande Rattlesnake batting - Pitching for Newark Bulldogs : RHP Jesús Martínez
Batting: SHB Brian Moyer 0-0: Foul Ball, location: 2F
0-1: Swinging Strike
0-2: Strikes out swinging
Batting: RHB Maresuke Yoshida 0-0: Ball
1-0: Ball
2-0: Foul Ball, location: 2F
2-1: Called Strike
2-2: Ball
3-2: Ground out 1-3 (Groundball, 13S)
Batting: SHB Jeremy Holmes 0-0: Foul Ball, location: 2F
0-1: SINGLE (Groundball, 4M)
Batting: RHB Doug Delaney 0-0: Ball
1-0: Swinging Strike
1-1: Swinging Strike
1-2: Ball
2-2: Ball
3-2: Base on Balls
Jeremy Holmes to second
Batting: RHB Billy Mullins 0-0: Called Strike
0-1: Ball
1-1: Ball
2-1: Foul Ball, location: 2F
2-2: Foul Ball, location: 2F
2-2: Fly out, F8 (Flyball, 8LD)
Bottom of the 2nd over - 0 run(s), 1 hit(s), 0 error(s), 2 left on base; Newark 2 - Rio Grande 1
TOP OF THE 3RD
Newark Bulldogs batting - Pitching for Rio Grande Rattlesnake : RHP Gary Grimes
Batting: RHB Pablo Gómez 0-0: Ball
1-0: Called Strike
1-1: Ball
2-1: Foul Ball, location: 2F
2-2: Strikes out swinging
Batting: LHB Gerardo Guzmán 0-0: Ground out 4-3 (Groundball, 4)
Batting: RHB Carl Byrd 0-0: Foul Ball, location: 2F
0-1: Foul Ball, location: 2F
0-2: Foul Ball, location: 2F
0-2: Strikes out looking
Top of the 3rd over - 0 run(s), 0 hit(s), 0 error(s), 0 left on base; Newark 2 - Rio Grande 1
BOTTOM OF THE 3RD
Rio Grande Rattlesnake batting - Pitching for Newark Bulldogs : RHP Jesús Martínez
Batting: SHB Douglas Taylor 0-0: Foul Ball, location: 2F
0-1: Ball
1-1: SINGLE (Line Drive, 7LS)
Batting: RHB Hollis Wood 0-0: Ball
1-0: SINGLE (Line Drive, 3D)
Douglas Taylor to second
Batting: LHB R.J. Courtney 0-0: Ball
1-0: Called Strike
1-1: Ball
2-1: Foul Ball, location: 2F
2-2: Foul Ball, location: 2F
2-2: Ball
3-2: Foul Ball, location: 2F
3-2: Foul Ball, location: 2F
3-2: Strikes out swinging
Batting: RHB Jeff Bane 0-0: Called Strike
0-1: Reached on error, E5 (Groundball, 56)
Douglas Taylor to third
Hollis Wood to second
Batting: SHB Brian Moyer 0-0: Called Strike
0-1: Ball
1-1: Called Strike
1-2: Ball
2-2: Fly out, F8 (Flyball, 8RM)
Runner from 3rd tags up, SCORES, no throw
Batting: RHB Maresuke Yoshida 0-0: Ball
1-0: Ball
2-0: Called Strike
2-1: SINGLE (Line Drive, 89S)
Hollis Wood to third
Jeff Bane to second
Runner from 3rd tries for Home, SAFE, throw made home
Batting: SHB Jeremy Holmes 0-0: Ball
1-0: Ball
Maresuke Yoshida steals 2nd base
Jeff Bane to third
2-0: Called Strike
2-1: Ground out 4-3 (Groundball, 4M)
Bottom of the 3rd over - 2 run(s), 3 hit(s), 1 error(s), 2 left on base; Newark 2 - Rio Grande 3
TOP OF THE 4TH
Newark Bulldogs batting - Pitching for Rio Grande Rattlesnake : RHP Gary Grimes
Batting: RHB Randy Simons 0-0: Foul Ball, location: 2F
0-1: Foul Ball, location: 2F
0-2: Strikes out swinging
Batting: LHB Marvin Morris 0-0: SINGLE (Line Drive, 4MD)
Batting: RHB Larry Booth 0-0: Ball
1-0: Called Strike
1-1: Grounds into double play, 4-6-3 (Groundball, 4)
Top of the 4th over - 0 run(s), 1 hit(s), 0 error(s), 0 left on base; Newark 2 - Rio Grande 3
BOTTOM OF THE 4TH
Rio Grande Rattlesnake batting - Pitching for Newark Bulldogs : RHP Jesús Martínez
Batting: RHB Doug Delaney 0-0: Ball
1-0: SINGLE (Groundball, 56D)
Batting: RHB Billy Mullins 0-0: Swinging Strike
0-1: Ball
Doug Delaney is caught stealing 2nd base
1-1: Foul Ball, location: 2F
1-2: Strikes out swinging
Batting: SHB Douglas Taylor 0-0: Ball
1-0: Called Strike
1-1: Ground out 4-3 (Groundball, 4)
Bottom of the 4th over - 0 run(s), 1 hit(s), 0 error(s), 0 left on base; Newark 2 - Rio Grande 3
TOP OF THE 5TH
Newark Bulldogs batting - Pitching for Rio Grande Rattlesnake : RHP Gary Grimes
Batting: RHB Perry Henry 0-0: Ball
1-0: Ball
2-0: Called Strike
2-1: Ball
3-1: Foul Ball, location: 2F
3-2: SINGLE (Line Drive, 89S)
Batting: LHB Owen Moreno 0-0: Ball
1-0: Fly out, F7 (Line Drive, 7M)
Batting: RHB Leonardo Pinto 0-0: Ball
Perry Henry steals 2nd base
1-0: Called Strike
1-1: Ball
2-1: Swinging Strike
2-2: Strikes out looking
Batting: RHB Pablo Gómez 0-0: Ball
1-0: Swinging Strike
1-1: Foul Ball, location: 2F
1-2: Ball
2-2: Reached on Error, E8 (Flyball, 8LS)
Perry Henry scores
Batting: LHB Gerardo Guzmán 0-0: Ball
1-0: Ball
2-0: Called Strike
2-1: Foul Ball, location: 2F
2-2: DOUBLE (Line Drive, 9LD)
Pablo Gómez scores
Batting: RHB Carl Byrd 0-0: Called Strike
0-1: Ball
1-1: Called Strike
1-2: Ground out 6-3 (Groundball, 6D)
Top of the 5th over - 2 run(s), 2 hit(s), 1 error(s), 1 left on base; Newark 4 - Rio Grande 3
BOTTOM OF THE 5TH
Rio Grande Rattlesnake batting - Pitching for Newark Bulldogs : RHP Jesús Martínez
Batting: RHB Hollis Wood 0-0: Called Strike
0-1: Swinging Strike
0-2: Foul Ball, location: 2F
0-2: Ball
1-2: Ball
Reached via error on a dropped throw, E3
Batting: LHB R.J. Courtney 0-0: Ground out 4-3 (Groundball, 4M)
Hollis Wood to second
Pitching: RHP Jim Cook
Batting: RHB Jeff Bane 0-0: Ball
1-0: Called Strike
1-1: Ball
2-1: Ball
3-1: Base on Balls
Batting: SHB Brian Moyer 0-0: Called Strike
0-1: Ball
1-1: Foul Ball, location: 2F
1-2: Ball
2-2: Foul Ball, location: 2F
2-2: Grounds into double play, 6-4-3 (Groundball, 6M)
Bottom of the 5th over - 0 run(s), 0 hit(s), 1 error(s), 1 left on base; Newark 4 - Rio Grande 3
TOP OF THE 6TH
Newark Bulldogs batting - Pitching for Rio Grande Rattlesnake : RHP Gary Grimes
Batting: RHB Randy Simons 0-0: Ball
1-0: Ball
2-0: Called Strike
2-1: Foul Ball, location: 2F
2-2: Ball
3-2: Strikes out swinging
Batting: LHB Marvin Morris 0-0: Ball
1-0: Ground out 4-3 (Groundball, 4)
Batting: RHB Larry Booth 0-0: Called Strike
0-1: Ball
1-1: Ball
2-1: Ball
3-1: Base on Balls
Batting: RHB Perry Henry 0-0: Called Strike
0-1: Ball
1-1: Foul Ball, location: 2F
1-2: Strikes out swinging
Top of the 6th over - 0 run(s), 0 hit(s), 0 error(s), 1 left on base; Newark 4 - Rio Grande 3
BOTTOM OF THE 6TH
Rio Grande Rattlesnake batting - Pitching for Newark Bulldogs : RHP Jim Cook
Batting: RHB Maresuke Yoshida 0-0: Ball
1-0: Ground out 5-3 (Groundball, 5S)
Batting: SHB Jeremy Holmes 0-0: Called Strike
0-1: Ball
1-1: Ball
2-1: Swinging Strike
2-2: Foul Ball, location: 2F
2-2: Foul Ball, location: 2F
2-2: Ball
3-2: SINGLE (Groundball, 5D)
Batting: RHB Doug Delaney 0-0: Ball
1-0: Ball
2-0: Foul Ball, location: 2F
2-1: Ball
3-1: Called Strike
3-2: Base on Balls
Jeremy Holmes to second
Batting: RHB Billy Mullins 0-0: SINGLE (Line Drive, 7S)
Jeremy Holmes to third
Doug Delaney to second
Runner from 3rd tries for Home, SAFE, throw made at trailing runner, SAFE at third!
Batting: SHB Douglas Taylor 0-0: Called Strike
0-1: Ball
Billy Mullins steals 2nd base
1-1: Ball
2-1: Ball
3-1: Base on Balls
Batting: RHB Hollis Wood 0-0: Called Strike
0-1: Swinging Strike
0-2: Foul Ball, location: 2F
0-2: Ball
1-2: Foul Ball, location: 2F
1-2: Fly out, F3 (Popup, 34)
Batting: LHB R.J. Courtney 0-0: Ball
1-0: Ball
2-0: Called Strike
2-1: Ball
3-1: Called Strike
3-2: Foul Ball, location: 2F
3-2: Foul Ball, location: 2F
3-2: Base on Balls
Doug Delaney scores
Billy Mullins to third
Douglas Taylor to second
Pitching: RHP José Gonzáles
Batting: RHB Jeff Bane 0-0: Called Strike
0-1: Swinging Strike
0-2: Ball
1-2: Strikes out swinging
Bottom of the 6th over - 2 run(s), 2 hit(s), 0 error(s), 3 left on base; Newark 4 - Rio Grande 5
TOP OF THE 7TH
Newark Bulldogs batting - Pitching for Rio Grande Rattlesnake : RHP Gary Grimes
Batting: LHB Owen Moreno 0-0: DOUBLE (Line Drive, 89M)
Batting: RHB Leonardo Pinto 0-0: Foul Ball, location: 2F
0-1: Foul Ball, location: 2F
0-2: Fly out, F9 (Line Drive, 89S)
Pitching: RHP Adrián Mora
Batting: RHB Pablo Gómez 0-0: Called Strike
Owen Moreno steals 3rd base
0-1: Swinging Strike
0-2: SINGLE (Line Drive, 89S)
Owen Moreno scores
Batting: LHB Gerardo Guzmán 0-0: Ball
1-0: Ball
2-0: Called Strike
2-1: SINGLE (Groundball, 56D)
Pablo Gómez to second
Batting: RHB Carl Byrd 0-0: SINGLE (Groundball, 34D)
Pablo Gómez to third
Gerardo Guzmán to second
Batting: RHB Randy Simons 0-0: Ball
1-0: Fly out, F9 (Popup, 89S)
Batting: LHB Marvin Morris 0-0: Ball
1-0: Foul Ball, location: 2F
1-1: Ball
2-1: Foul Ball, location: 2F
2-2: Fly out, F4 (Popup, 3DF)
Top of the 7th over - 1 run(s), 4 hit(s), 0 error(s), 3 left on base; Newark 5 - Rio Grande 5
BOTTOM OF THE 7TH
Rio Grande Rattlesnake batting - Pitching for Newark Bulldogs : RHP José Gonzáles
Batting: SHB Brian Moyer 0-0: Ball
1-0: Ball
2-0: Ball
3-0: Called Strike
3-1: Base on Balls
Batting: RHB Maresuke Yoshida 0-0: Bunt missed!
0-1: Sac Bunt - play at second, runner OUT! 2-6
Pinch Hitting: RHB Liangde Que 0-0: Ball
1-0: Ball
2-0: Foul Ball, location: 2F
2-1: Fly out, F9 (Flyball, 9LS)
Batting: RHB Doug Delaney 0-0: Foul Ball, location: 2F
0-1: Ball
1-1: Ball
2-1: 2-RUN HOME RUN (Flyball, 7D), Distance : 359 ft
Batting: RHB Billy Mullins 0-0: Called Strike
0-1: Ball
1-1: Ball
2-1: Foul Ball, location: 2F
2-2: Ball
3-2: SINGLE (Groundball, 5L)
Batting: SHB Douglas Taylor 0-0: Called Strike
0-1: Called Strike
Billy Mullins is caught stealing 2nd base
Bottom of the 7th over - 2 run(s), 2 hit(s), 0 error(s), 0 left on base; Newark 5 - Rio Grande 7
TOP OF THE 8TH
Newark Bulldogs batting - Pitching for Rio Grande Rattlesnake : RHP Adrián Mora
Now at 3B: Liangde Que
Batting: RHB Larry Booth 0-0: Ball
1-0: Foul Ball, location: 2F
1-1: Foul Ball, location: 2F
1-2: Strikes out swinging
Batting: RHB Perry Henry 0-0: Ball
1-0: Foul Ball, location: 2F
1-1: Called Strike
1-2: Ground out 4-3 (Groundball, 4M)
Batting: LHB Owen Moreno 0-0: Ball
1-0: Ball
2-0: Foul Ball, location: 2F
2-1: Called Strike
2-2: Ball
3-2: Strikes out swinging
Top of the 8th over - 0 run(s), 0 hit(s), 0 error(s), 0 left on base; Newark 5 - Rio Grande 7
BOTTOM OF THE 8TH
Rio Grande Rattlesnake batting - Pitching for Newark Bulldogs : RHP José Gonzáles
Batting: SHB Douglas Taylor 0-0: Called Strike
0-1: Foul Ball, location: 2F
0-2: Ground out 4-3 (Groundball, 4)
Batting: RHB Hollis Wood 0-0: Called Strike
0-1: Ball
1-1: Fly out, F7 (Flyball, 7S)
Batting: LHB R.J. Courtney 0-0: Ball
1-0: Called Strike
1-1: Called Strike
1-2: Foul Ball, location: 2F
1-2: Ball
2-2: Ball
3-2: SINGLE (Flyball, 89S)
Batting: RHB Jeff Bane 0-0: Ball
1-0: Swinging Strike
1-1: Ball
2-1: Foul Ball, location: 2F
2-2: Foul Ball, location: 2F
2-2: Foul Ball, location: 2F
2-2: Strikes out looking
Bottom of the 8th over - 0 run(s), 1 hit(s), 0 error(s), 1 left on base; Newark 5 - Rio Grande 7
TOP OF THE 9TH
Newark Bulldogs batting - Pitching for Rio Grande Rattlesnake : RHP Adrián Mora
Pitching: RHP Jim Durham
Batting: RHB Leonardo Pinto 0-0: Ball
1-0: Ball
2-0: Foul Ball, location: 2F
2-1: Ball
3-1: SINGLE (Line Drive, 6MD)
Pinch Hitting: RHB Emílio Salas 0-0: Ball
1-0: Called Strike
1-1: Ball
2-1: Foul Ball, location: 2F
2-2: Ball
3-2: DOUBLE (Line Drive, 7LS)
Leonardo Pinto to third
Batting: LHB Gerardo Guzmán 0-0: Foul Ball, location: 2F
0-1: Swinging Strike
0-2: Ball
1-2: Foul Ball, location: 2F
1-2: Foul Ball, location: 2F
1-2: Foul Ball, location: 2F
1-2: Foul Ball, location: 2F
1-2: Ball
2-2: Strikes out swinging
Pinch Hitting: LHB Rocky Whitcomb 0-0: Foul Ball, location: 2F
0-1: Swinging Strike
0-2: Strikes out swinging
Batting: RHB Randy Simons 0-0: Called Strike
0-1: Ball
1-1: Called Strike
1-2: Ball
2-2: Strikes out swinging
Top of the 9th over - 0 run(s), 2 hit(s), 0 error(s), 2 left on base; Newark 5 - Rio Grande 7
Monday, December 5th, 2016 - OOTP Baseball 17.12 Build 75